 Dungeon Crawl Stone Soup version 0.25.1-8-g42b30a86e7 (webtiles) character file.

Game seed: 13831918757860236719

285 Gabide the Ruffian (level 6, -3/50 HPs)
             Began as a Draconian Gladiator on Dec 26, 2020.
             Was a Follower of Qazlal.
             Slain by a two-headed ogre
             ... wielding a +0 giant club
              (17 damage)
             ... on level 4 of the Dungeon.
             The game lasted 00:08:20 (3603 turns).

Gabide the Ruffian (Draconian Gladiator)            Turns: 3603, Time: 00:08:20

Health: -3/50      AC:  6    Str: 18    XL:     6   Next: 7%
Magic:  6/6        EV: 13    Int:  9    God:    Qazlal [*.....]
Gold:   224        SH:  1    Dex: 12    Spells: 5/5 levels left

rFire    . . .     SeeInvis .     - Unarmed
rCold    . . .     Gourm    .   (no shield)
rNeg     . . .     Faith    .   (armour unavailable)
rPois    .         Spirit   .   a - +0 hat
rElec    .         Reflect  .   (no cloak)
rCorr    .         Harm     .   (no gloves)
MR       .....                  (no boots)
Stlth    +.........             (no amulet)
HPRegen  0.16/turn              (no ring)
MPRegen  0.10/turn              (no ring)

@: berserk cooldown, slowed, very slow
A: unfitting armour, cold-blooded, AC +6
a: Renounce Religion


You were on level 4 of the Dungeon.
You worshipped Qazlal.
Qazlal was aware of your devotion.
You were not hungry.

You visited 1 branch of the dungeon, and saw 4 of its levels.

You collected 224 gold pieces.

Inventory:

Missiles
 e - 6 boomerangs
 l - a javelin (quivered)
Armour
 a - a +0 hat (worn)
Jewellery
 p - a +4 ring of evasion {unknown}
Scrolls
 h - a scroll of magic mapping
 n - a scroll of amnesia
Potions
 d - 3 potions of berserk rage
 g - a potion of haste {unknown}
 i - 2 potions of curing
 j - a potion of degeneration {unknown}
 k - 3 potions of brilliance {unknown}
 m - 2 potions of mutation {unknown}
 o - a potion of might {unknown}
 q - a potion of stabbing {unknown}
Comestibles
 b - 6 chunks of flesh
 c - 8 rations


   Skills:
 + Level 2.6 Fighting
 + Level 2.4 Throwing
 * Level 3.5 Dodging
 * Level 5.9 Unarmed Combat


You had 5 spell levels left.
You didn't know any spells.
Your spell library was empty.

Dungeon Overview and Level Annotations

Branches:
Dungeon (4/15)
 Temple: D:4-7

Altars:
Elyvilon
Qazlal
Ru


Innate Abilities, Weirdness & Mutations

Your plain brown scales are hard. (AC +6)
You cannot fit into any form of body armour.
You are cold-blooded and may be slowed by cold attacks.


Message History

The javelin barely misses the two-headed ogre.
The iguana hisses angrily.
A red film seems to cover your vision as you go berserk!
You feel yourself moving faster!
You feel mighty!
The two-headed ogre hits you with a +0 giant club!
The two-headed ogre hits you with a +0 giant spiked club!!
You feel a strong urge to attack something.
You feel your anger nearly subside.
You are no longer berserk.
You are exhausted.
You feel yourself slow down.
You see here a jackal skeleton.
Okay, then.
There is an open door here.
It was a potion of curing.
You feel better.
The two-headed ogre hits you with a +0 giant club!!
* * * LOW HITPOINT WARNING * * *
The two-headed ogre completely misses you.
The two-headed ogre hits you with a +0 giant club!
You die...

#.(.# #.##..# ... #.##..# ..
... #.##..# .## #.# #.....#
###. #l# ###...## ... ##O#
##.....## #.# #. ##..#
##.......## ##.###.
##...####.O.......####......
#÷.....÷'l§@......'.........
##..÷####.........####...###
#[..# ##.......## ##.####
#.### ##.....## #..... #.#
##...## #.#### #.# ##+## #.#
#.# #.# #.# #.# #.# #.#


You could see a two-headed ogre and an iguana.

Vanquished Creatures
  A bullfrog skeleton (D:4)
  2 iguanas
  2 orc wizards
  3 gnolls (D:4)
  2 adders (D:2)
  An ooze (D:1)
  3 worms
  4 dart slugs (D:1)
  A leopard gecko (D:3)
  12 orcs
  A giant cockroach (D:2)
  3 goblins
  3 hobgoblins
  14 jackals
  2 quokkas (D:3)
  7 bats
  4 frilled lizards
  6 kobolds
  A leopard gecko skeleton (D:4)
  3 rats
75 creatures vanquished.

Vanquished Creatures (others)
  A hobgoblin (D:3)
  A quokka (D:4)
2 creatures vanquished.

Grand Total: 77 creatures vanquished

Notes
Turn   | Place    | Note
-------+----------+-------------------------------------------
     0 | D:1      | Gabide the Draconian Gladiator began the quest for the Orb.
     0 | D:1      | Reached XP level 1. HP: 17/17 MP: 1/1
   235 | D:1      | Reached XP level 2. HP: 6/25 MP: 2/2
  1106 | D:2      | Reached XP level 3. HP: 28/30 MP: 3/3
  1222 | D:2      | Found a stormy altar of Qazlal.
  1337 | D:2      | Reached skill level 4 in Unarmed Combat
  1735 | D:2      | Reached XP level 4. HP: 37/37 MP: 4/4
  2188 | D:2      | Became a worshipper of Qazlal Stormbringer
  2773 | D:3      | Found a sacrificial altar of Ru.
  2842 | D:3      | Reached skill level 5 in Unarmed Combat
  2843 | D:3      | Reached XP level 5. HP: 30/42 MP: 5/5
  2996 | D:3      | Reached * piety under Qazlal
  3343 | D:4      | Found a white marble altar of Elyvilon.
  3360 | D:4      | Reached XP level 6. HP: 29/50 MP: 6/6
  3590 | D:4      | Noticed a two-headed ogre
  3603 | D:4      | Slain by a two-headed ogre

Illustrated notes

Levels and vault maps discovered:
D:1:      giann_bridges, layout_basic, hex_medium
D:2:      layout_basic, grunt_qazlal_clouds
D:3:      layout_rooms, lemuel_round_altar
D:4:      layout_loops_corners, elyvilon_altar_4,
          nemelex_xobeh_ov_fountains_minmay, first_ration

Skill      XL: |  1  2  3  4  5 |
---------------+----------------+-----
Dodging        | 3 |  3.5
Unarmed Combat | 4 5 |  5.9
Throwing       | 2 |  2.4
Fighting       | |  2.6

Action                   |  1- 3 |  4- 6 || total
-------------------------+-------+-------++-------
Melee: Unarmed           |   112 |   124 ||   236
       Tailslap          |    14 |    17 ||    31
       Punch             |       |     4 ||     4
Throw: Throwing net      |     4 |     3 ||     7
       Boomerang         |     3 |    18 ||    21
       Javelin           |     1 |    13 ||    14
  Use: Scroll            |     2 |     7 ||     9
       Potion            |       |     2 ||     2
 Stab: Sleeping          |     2 |     1 ||     3
       Held in net/web   |     1 |     2 ||     3
  Eat: Chunk             |     3 |     6 ||     9
Armor: Skin              |    33 |    27 ||    60
Dodge: Dodged            |    57 |    74 ||   131
Block: Other             |       |     1 ||     1
